 Dungeon Crawl Stone Soup version 0.28-a0-948-gee6e0bcda6 (webtiles) character file.

Game seed: 8013843658919072146

63 Deluxe999 the Ruffian (level 3, -6/36 HPs)
             Began as a Troll Berserker on Nov 30, 2021.
             Was a Believer of Trog.
             Mangled by Sigmund (11 damage)
             ... on level 3 of the Dungeon.
             The game lasted 00:09:19 (1368 turns).

Deluxe999 the Ruffian (Troll Berserker)             Turns: 1368, Time: 00:09:19

Health: -6/36      AC:  4    Str: 26    XL:     3   Next: 87%
Magic:  2/2        EV: 10    Int:  3    God:    Trog [**....]
Gold:   30         SH:  0    Dex:  9    Spells: 2/2 levels left

rFire   x . .      SeeInvis .     - Unarmed
rCold   + . .      Faith    .   (no shield)
rNeg    . . .      Spirit   .   a - +0 animal skin
rPois   .          Reflect  .   (helmet restricted)
rElec   .          Harm     .   (no cloak)
rCorr   +          Rampage  .   (gloves unavailable)
Will    .....                   (boots unavailable)
Stlth   +.........              (no amulet)
HPRegen 0.92/turn               h - ring of resist corrosion
MPRegen 0.08/turn               k - ring of ice

@: no status effects
A: large, unfitting armour, claws 3, regeneration 1, shaggy fur 1, tough skin 1
a: Renounce Religion, Berserk, Trog's Hand


You were on level 3 of the Dungeon.
You worshipped Trog.
Trog was pleased with you.
You visited 1 branch of the dungeon, and saw 3 of its levels.

You collected 86 gold pieces.
You spent 56 gold pieces at shops.

Inventory:

Missiles
 c - 7 poisoned darts (quivered)
 g - 30 stones
 j - 21 arrows
Armour
 a - a +0 animal skin (worn)
Jewellery
 h - a ring of resist corrosion (left claw)
 k - a ring of ice (right claw)
Scrolls
 b - 2 scrolls of identify
 f - a scroll of amnesia {unknown}
Potions
 d - a potion of might
 e - 2 potions of mutation


   Skills:
 + Level 2.7 Fighting
 + Level 2.9 Dodging
 + Level 0.1 Stealth
 + Level 4.0 Unarmed Combat


You had 2 spell levels left.
You didn't know any spells.
Your spell library contained the following spells:

 Spells                   Type           Power      Damage    Failure   Level
 Slow                     Hex            0%         N/A       52%         1
 Confusing Touch          Hex            0%         N/A       88%         3
 Yara's Violent Unravell  Hex/Tmut       0%         3d3       100%        5


Dungeon Overview and Level Annotations

Branches:
Dungeon (3/15)

Altars:

Shops:
D:2 !

Annotations:
D:3 Sigmund


Innate Abilities, Weirdness & Mutations

You are too large for most types of armour.
You have claws for hands.
Your natural rate of healing is unusually fast.
You are covered in fur. (AC +1)
You have tough skin. (AC +1)


Message History

Found a scroll labelled TADWUM JOAPS.
f - a scroll labelled TADWUM JOAPS Annotate which branch? (. - D:3, ? - help, ! - show branch list)
Okay, then.
Sigmund casts a spell at you. The puff of flame hits you.
The fire burns you terribly! Sigmund barely misses you.
Sigmund barely misses you.
You claw Sigmund!
Sigmund is moderately wounded.
You barely miss Sigmund.
Sigmund is moderately wounded.
Sigmund barely misses you.
You scratch Sigmund but do no damage.
Sigmund is moderately wounded.
A scorpion zombie comes into view.
Sigmund barely misses you.
You claw Sigmund!
Sigmund is heavily wounded.
You closely miss Sigmund.
Sigmund is heavily wounded.
Sigmund closely misses you.
You completely miss Sigmund.
Sigmund is heavily wounded.
You barely miss Sigmund.
Sigmund is heavily wounded.
Sigmund mumbles some strange words.
Sigmund flickers and vanishes!
Deactivating autopickup; reactivate with Ctrl-A.
You barely miss something. Something hits you but does no damage.
You miss something. Something hits you!
You closely miss something. You closely miss something. Something hits you!
You closely miss something. You scratch something. Something hits you.
You miss something. Something hits you!
* * * LOW HITPOINT WARNING * * *
x2 You miss something.
Something hits you!
You die...

..## .#.#
...# ..#
.....# ..#
....... ..#
..#.K.. #.#
..o ..8 #Z#
### ##.. ..
#{# #.. ##. #
#.# #.# .#
#@# #.# ###
#.# #.#
#.#...#.###.#
#........†.#
#.#.###.##..#
#.##..#######
#....<.......
#############


You could see a scorpion zombie.

Vanquished Creatures
  An adder (D:2)
  2 worms
  A dart slug (D:2)
  An orc (D:2)
  6 ball pythons
  5 endoplasms
  A giant cockroach (D:2)
  4 goblins
  2 hobgoblins
  2 quokkas (D:1)
  3 bats (D:1)
  10 frilled lizards
  3 kobolds (D:1)
  4 rats (D:1)
45 creatures vanquished.

Vanquished Creatures (collateral kills)
  A frilled lizard (D:2)
1 creature vanquished.

Vanquished Creatures (others)
  2 withered plants (D:3)
2 creatures vanquished.

Grand Total: 48 creatures vanquished

Notes
Turn   | Place    | Note
-------+----------+-------------------------------------------
     0 | D:1      | Deluxe999 the Troll Berserker began the quest for the Orb.
     0 | D:1      | Reached XP level 1. HP: 22/22 MP: 0/0
   141 | D:1      | Reached XP level 2. HP: 24/29 MP: 1/1
   248 | D:1      | Found a faded altar of an unknown god.
   779 | D:2      | Reached XP level 3. HP: 35/36 MP: 2/2
   779 | D:2      | Reached ** piety under Trog
  1031 | D:2      | Found Vaoc's Distillery.
  1053 | D:2      | Bought a potion of might for 56 gold pieces
  1299 | D:3      | Noticed Sigmund
  1332 | D:3      | Reached skill level 4 in Unarmed Combat
  1368 | D:3      | Mangled by Sigmund

Illustrated notes

Levels and vault maps discovered:
D:1:      dpeg_arrival_three_bigger_balls, layout_rooms,
          hellmonk_ecumenical_altar_inner_sanctum
D:2:      layout_rooms, serial_shops, shop, minmay_lizard_pond
D:3:      cheibrodos_greedy_goblins, layout_loops_ring, serial_shops,
          nicolae_shop_crystal, serial_undead, serial_undead_b, serial_undead_b,
          serial_undead_b, serial_undead_a, serial_undead_a, serial_undead_e,
          serial_undead_a, minmay_circle_x, uniq_sigmund

Skill      XL: |  1  2  3 |
---------------+----------+-----
Unarmed Combat | 4 |  4.0
Fighting       | |  2.7
Dodging        | |  2.9
Stealth        | |  0.1

Action                   || total
-------------------------++-------
Melee: Unarmed           ||   132
       Punch             ||     1
  Use: Scroll            ||     4
Armor: Animal skin       ||    46
Dodge: Dodged            ||    79

Table legend: (Time is in decaauts)
 A = Elapsed time spent in this place.
 B = Non-inter-level travel time spent in this place.
 C = Inter-level travel time spent in this place.
 D = Time resting spent in this place.
 E = Time spent auto-exploring this place.
 F = Levels seen in this place.
 G = Mean time per level.
                   A        B        C        D        E       F      G
               +--------+--------+--------+--------+--------+-----+--------+
         Total |   1359 |   1301 |     58 |      0 |    161 |   3 |  453.0 |
       Dungeon |   1359 |   1301 |     58 |      0 |    161 |   3 |  453.0 |
               +--------+--------+--------+--------+--------+-----+--------+

Top non-repeatable levels by time:
     D:2: 667 daAuts
     D:1: 648 daAuts
     D:3: 43 daAuts
